 Seeded DCSS version 0.28-a0-1286-g6bde065e89 (webtiles) character file.

Game seed: 20211226 (custom seed)

214201 flotson the Warrior (level 18, -4/155 HPs)
             Began as a Demonspawn Gladiator on Dec 26, 2021.
             Was an Initiate of Gozag.
             Slain by a salamander (13 damage)
             ... on level 3 of the Snake Pit on Dec 27, 2021.
             The game lasted 01:29:28 (39271 turns).

flotson the Warrior (Demonspawn Gladiator)         Turns: 39271, Time: 01:29:29

Health: -4/155     AC: 36    Str: 28    XL:     18   Next: 67%
Magic:  18/18      EV: 14    Int:  9    God:    Gozag
Gold:   2473       SH:  0    Dex: 26    Spells: 17/17 levels left

rFire   + . .      SeeInvis +   a - +9 hand axe "Susulach" {protect, *Rage rElec Dex+8}
rCold   + . .      Faith    .   O - +0 kite shield
rNeg    + . .      Spirit   .   W - +9 scales of the Dragon King {rPois rF+ rC+ Will+}
rPois   +          Reflect  .   m - +0 mask of the Dragon {Will+ Slay+3 SInv}
rElec   +          Harm     .   v - +0 cloak {rCorr}
rCorr   +          Rampage  +   (gloves unavailable)
Will    +++..      Rage     20% T - +2 pair of boots of Amorality {Dex+2}
Stlth   ..........              y - amulet "Syufeax" {Acrobat Rampage *Slow rN+ Slay+5}
HPRegen 0.35/turn               L - +6 ring of strength
MPRegen 0.16/turn               A - +4 ring of slaying

@: confused, ambrosia-drunk, gold aura, on berserk cooldown, slowed, very slow
A: claws 3, slimy green scales 2, spiny 3, condensation shield, camouflage 1,
noise suppression
a: Renounce Religion, Potion Petition, Call Merchant, Bribe Branch


You were on level 3 of the Snake Pit.
You worshipped Gozag.
Gozag was most pleased with you.
You visited 7 branches of the dungeon, and saw 31 of its levels.
You also visited: Bailey.

You collected 13979 gold pieces.
You spent 6703 gold pieces at shops.
You paid 4803 gold pieces to Gozag.

Inventory:

Hand Weapons
 a - the +9 hand axe "Susulach" (weapon) {protect, *Rage rElec Dex+8}
   (You found it on level 5 of the Dungeon)

   It grants its wielder temporary protection when it strikes (+7 to AC).
   Dex:       It affects your dexterity (+8).
   rElec:     It insulates you from electricity.
   *Rage:     It berserks you when you make melee attacks (+20% chance).
 B - the +5 war axe of the Skies Above {antimagic, Str+7 Int+3 Dex-4 SInv}
   (You found it on level 1 of the Orcish Mines)

   It reduces the magical energy of the wielder, and disrupts the spells and
   magical abilities of those it strikes.
   Natural abilities and divine invocations are not affected.
   Str:       It affects your strength (+7).
   Int:       It affects your intelligence (+3).
   Dex:       It affects your dexterity (-4).
   SInv:      It lets you see invisible.
 H - the +11 spear "Javydem" {freeze, *Noise +Blink rC+ Str+4}
   (You took it off a deep elf elementalist on level 3 of the Elven Halls)

   It freezes those it strikes, dealing additional cold damage.
   It can also slow down cold-blooded creatures.
   Str:       It affects your strength (+4).
   rC:        It protects you from cold.
   +Blink:    It lets you blink.
   *Noise:    It may make noises in combat.
 V - a +6 broad axe of draining
Missiles
 c - 8 javelins (quivered)
 j - 13 silver javelins
 D - 71 poisoned darts
 E - 5 atropa-tipped darts
 M - 6 boomerangs of dispersal
 N - a throwing net
Armour
 m - the +0 mask of the Dragon (worn) {Will+ Slay+3 SInv}
   (You bought it in a shop on level 1 of the Spider Nest)

   Slay:      It affects your accuracy & damage with ranged weapons and melee
   (+3).
   SInv:      It lets you see invisible.
   Will:      It increases your willpower.
 v - a +0 cloak of preservation (worn)
 O - a +0 kite shield (worn)
 T - the +2 pair of boots of Amorality (worn) {Dex+2}
   (You bought it in a shop on level 1 of the Spider Nest)

   Dex:       It affects your dexterity (+2).
 W - the +9 scales of the Dragon King (worn) {rPois rF+ rC+ Will+}
   (You bought it in a shop on level 10 of the Dungeon)

   rF:        It protects you from fire.
   rC:        It protects you from cold.
   rPois:     It protects you from poison.
   Will:      It increases your willpower.
Jewellery
 y - the amulet "Syufeax" (around neck) {Acrobat Rampage *Slow rN+ Slay+5}
   (You bought it in a shop on level 2 of the Elven Halls)

   [amulet of the acrobat]

   It increases your evasion while moving and waiting.
   Slay:      It affects your accuracy & damage with ranged weapons and melee
   (+5).
   rN:        It protects you from negative energy.
   *Slow:     It may slow you when you take damage.
   Rampage:   It bestows one free step when moving towards enemies.
 A - a +4 ring of slaying (right claw)
 L - a +6 ring of strength (left claw)
 Q - the amulet "Osutsine" {Spirit Harm rPois Will+ rCorr}
   (You acquired it on level 11 of the Dungeon)

   [amulet of guardian spirit]

   It causes incoming damage to be divided between your reserves of health and
   magic.
   rPois:     It protects you from poison.
   rCorr:     It protects you from acid and corrosion.
   Harm:      It increases damage dealt and taken.
   Will:      It increases your willpower.
 Z - an amulet of reflection
Wands
 h - a wand of digging (3)
 l - a wand of paralysis (15)
 x - a wand of iceblast (19)
 z - a wand of mindburst (11)
 I - a wand of charming (3)
Scrolls
 d - 4 scrolls of enchant weapon
 g - 13 scrolls of teleportation
 p - 6 scrolls of enchant armour
 q - 6 scrolls of fog
 u - a scroll of brand weapon
 w - 4 scrolls of fear
 C - 6 scrolls of vulnerability
 G - 2 scrolls of blinking
 J - 4 scrolls of torment
 R - 6 scrolls of immolation
 S - 2 scrolls of silence
 X - 7 scrolls of magic mapping
Potions
 b - 4 potions of mutation
 e - 3 potions of flight
 i - 4 potions of invisibility
 k - 4 potions of might
 n - 2 potions of cancellation
 o - 4 potions of lignification
 r - 12 potions of curing
 s - 6 potions of attraction
 F - 3 potions of berserk rage
 K - 3 potions of ambrosia
 Y - a potion of haste
Miscellaneous
 f - a tin of tremorstones (2/2)
 P - a phantom mirror
 U - a lightning rod (4/4)


   Skills:
 + Level 17.2 Fighting
 + Level 12.9(13.3) Axes
 - Level 4.7(9.6) Maces & Flails
 - Level 10.7 Throwing
 + Level 13.4 Armour
 + Level 13.8 Dodging
 + Level 8.6 Shields
 - Level 10.5 Evocations


You had 17 spell levels left.
You didn't know any spells.
Your spell library contained the following spells:

 Spells                   Type           Power      Damage    Failure   Level
 Animate Skeleton         Necr           0%         N/A       100%        1
 Apportation              Tloc           0%         N/A       100%        1
 Freeze                   Ice            0%         1d3       100%        1
 Magic Dart               Conj           0%         1d3       100%        1
 Pain                     Necr           0%         1d4       100%        1
 Sting                    Tmut/Pois      0%         1d3       100%        1
 Summon Small Mammal      Summ           0%         N/A       100%        1
 Call Imp                 Summ           0%         N/A       100%        2
 Passwall                 Tmut/Erth      0%         N/A       100%        2
 Poisonous Vapours        Pois/Air       0%         N/A       100%        2
 Searing Ray              Conj           0%         2d4       100%        2
 Static Discharge         Conj/Air       0%         N/A       100%        2
 Sublimation of Blood     Necr           0%         N/A       100%        2
 Wereblood                Tmut           0%         N/A       100%        2
 Confusing Touch          Hex            0%         N/A       100%        3
 Conjure Flame            Conj/Fire      0%         6-21      100%        3
 Dazzling Flash           Conj/Hex       0%         N/A       100%        3
 Frozen Ramparts          Ice            0%         1d2       100%        3
 Ignite Poison            Fire/Tmut/Pois 0%         N/A       100%        3
 Swiftness                Air            0%         N/A       100%        3
 Airstrike                Air            0%         N/A       100%        4
 Dispel Undead            Necr           0%         3d6       100%        4
 Fulminant Prism          Conj/Hex       0%         3d6       100%        4
 Hailstorm                Conj/Ice       0%         3d3       100%        4
 Iskenderun's Mystic Bla  Conj/Tloc      0%         2d3       100%        4
 Leda's Liquefaction      Hex/Erth       0%         N/A       100%        4
 Olgreb's Toxic Radiance  Pois           0%         N/A       100%        4
 Petrify                  Tmut/Erth      0%         N/A       100%        4
 Sticky Flame             Conj/Fire      0%         2d3       100%        4
 Summon Ice Beast         Ice/Summ       0%         N/A       100%        4
 Summon Lightning Spire   Summ/Air       0%         N/A       100%        4
 Agony                    Necr           0%         N/A       100%        5
 Alistair's Intoxication  Tmut/Pois      0%         N/A       100%        5
 Blade Hands              Tmut           0%         N/A       100%        5
 Excruciating Wounds      Necr           0%         N/A       100%        5
 Freezing Cloud           Conj/Ice/Air   0%         6-21      100%        5
 Irradiate                Conj/Tmut      0%         3d13      100%        5
 Lee's Rapid Deconstruct  Erth           0%         3d5*      100%        5
 Lightning Bolt           Conj/Air       0%         1d11      100%        5
 Metabolic Englaciation   Hex/Ice        0%         N/A       100%        5
 Silence                  Hex/Air        0%         N/A       100%        5
 Summon Mana Viper        Hex/Summ       0%         N/A       100%        5
 Yara's Violent Unravell  Hex/Tmut       0%         3d3       100%        5
 Eringya's Noxious Bog    Tmut/Pois      0%         N/A       100%        6
 Simulacrum               Ice/Necr       0%         N/A       100%        6
 Statue Form              Tmut/Erth      0%         N/A       100%        6
 Dragon Form              Tmut           0%         N/A       100%        7
 Enfeeble                 Hex            0%         N/A       100%        7
 Monstrous Menagerie      Summ           0%         N/A       100%        7
 Ozocubu's Refrigeration  Ice            0%         4d5       100%        7
 Summon Hydra             Summ           0%         N/A       100%        7
 Ignition                 Fire           0%         3d3       100%        8
 Lehudib's Crystal Spear  Conj/Erth      0%         10d2      100%        8
 Maxwell's Capacitive Co  Air            0%         ∞         100%        8
 Polar Vortex             Ice            0%         N/A       100%        9


Dungeon Overview and Level Annotations

Branches:
Dungeon (15/15)            Temple (1/1) D:5            Lair (6/6) D:9
  Snake (3/4) Lair:2       Spider (1/4) Lair:3        Slime (0/5) Lair:6
    Orc (2/2) D:9             Elf (3/3) Orc:2        Vaults (0/5) D:14
 Depths (0/4) D:15         Bailey (visited)

Altars:
Ashenzari
Cheibriados
Dithmenos
Elyvilon
Fedhas
Gozag
Hepliaklqana
Kikubaaqudgha
Makhleb
Nemelex Xobeh
Okawaru
Qazlal
Ru
Sif Muna
Trog
Uskayaw
Vehumet
Wu Jian
Xom
Yredelemnul
Zin
The Shining One
Beogh
Jiyva

Shops:
D:1 [   D:10 *[   D:11 !   Orc:1 *   Orc:2 =?((   Elf:2 ==:   Elf:3 (
Snake:1 *   Spider:1 =*[*[

Portals:
Trove: D:12 (give +2 gold dragon scales)

Annotations:
D:11 2 transporters, exclusion: ice statue, Usuem's ghost, journeyman DECj


Innate Abilities, Weirdness & Mutations

You have claws for hands.
You are mostly covered in slimy green scales. (AC +3)
You are completely covered in sharp spines.
A meltable shield of frost defends you. (SH +0)
Your skin changes colour to match your surroundings (Stealth+).
You passively dampen the noise of your surroundings.


Message History

You block the salamander's attack.
You slash the naga warrior!
The naga warrior is moderately wounded.
You block the naga warrior's attack. The salamander closely misses you.
The naga warrior misses you.
You barely miss the naga warrior.
The naga warrior is moderately wounded.
The salamander hits you but does no damage.
The naga warrior spits poison at you.
The splash of poison hits you but does no damage.
The salamander barely misses you. The naga warrior blocks your attack.
The naga warrior is moderately wounded.
The naga warrior is struck by your spines.
The naga warrior hits you with a +0 hand axe!
* * * LOW HITPOINT WARNING * * *
The salamander hits you from afar with a +0 halberd!
* * * LOW HITPOINT WARNING * * *
You are engulfed in flames!
You resist.
* * * LOW HITPOINT WARNING * * *
You are confused.
You feel invigorated.
The naga warrior is struck by your spines.
The naga warrior barely misses you. The salamander completely misses you.
The naga warrior hits you with a +0 hand axe!
* * * LOW HITPOINT WARNING * * *
Unknown command.
Okay, then.
The naga warrior blocks your attack.
The naga warrior is heavily wounded.
The naga warrior no longer looks unusually strong.
The salamander hits you but does no damage.
The naga warrior is struck by your spines.
The naga warrior hits you but does no damage.
Unknown command.
The naga warrior blocks your attack.
The naga warrior is heavily wounded.
The salamander hits you from afar with a +0 halberd!
You die...
Your body crumbles into a pile of gold.

##>...... ##$.......
#.######## #$$.......
#.......(#####.$.......
#####.##.(.$N.N.$......
#.##.$.$N..........
#.##N#####.........
#.##N# ########.#
#.##@# # #.##(# #.##.#
#.##.. #.##... #.######
#.# #)# #.#


You could see a naga warrior (curare) and a salamander (strong).

Vanquished Creatures
  Rupert (D:14)
  Mlioglotl (Snake:1)
  2 deep elf blademasters
  4 deep elf master archers
  The ghost of Kuwn the Executioner, an adept MiBe of Trog (Elf:3)
  Kirke (Lair:6)
  Donald (Snake:3)
  Agnes (D:14)
  2 azure jellies (D:15)
  A ghost moth (Lair:3)
  2 orc warlords (Orc:2)
  The ghost of Gily the Carver, a journeyman TrBe of Trog (D:15)
  4 deep elf sorcerers
  3 deep elf elementalists
  2 stone giants
  2 deep elf demonologists
  9 deep elf annihilators
  Azrael (Spider:1)
  An entropy weaver (Lair:3)
  7 deep elf death magi (Elf:3)
  3 ettins (Orc:1)
  A fire dragon (Lair:6)
  The ghost of bearlyready the Cleaver, a journeyman MiHu of Okawaru (D:10)
  6 deep elf high priests (Elf:3)
  Fannar (D:10)
  4 naga warriors (Snake:3)
  4 hydras
  2 catoblepae
  An ice dragon (Lair:6)
  2 salamander tyrants
  8 vault guards
  2 boulder beetles
  3 anacondas
  A jorogumo (Spider:1)
  2 centaur warriors
  3 death yaks (Lair:5)
  3 two-headed ogres
  2 tengu warriors (D:15)
  3 shock serpents
  Urug (Lair:5)
  4 orc high priests (Orc:2)
  4 naga sharpshooters
  7 deep elf knights
  A pharaoh ant (Spider:1)
  A sun moth (Spider:1)
  4 steelbarb worms (Spider:1)
  An orb spider (Spider:1)
  4 naga ritualists
  8 deep elf archers
  25 deep elf pyromancers
  A wizard (Elf:1)
  7 orc knights
  4 lindwurms (Lair:6)
  5 wolf spiders
  4 orc sorcerers (Orc:2)
  8 mana vipers
  27 deep elf zephyrmancers
  15 ugly things
  11 salamanders
  3 oklob plants
  20 elephants
  2 manticores
  20 cyclopes
  3 slime creatures (D:15)
  28 black mambas
  7 naga magi
  3 gargoyles
  8 torpor snails
  3 eyes of devastation (D:15)
  A guardian serpent (Snake:3)
  11 cane toads
  Maggie (D:6)
  8 rime drakes
  3 kobold demonologists
  A tengu conjurer (Elf:1)
  4 komodo dragons
  5 trolls
  A queen bee (D:9)
  3 tyrant leeches (Lair:6)
  Grinder (D:5)
  10 polar bears
  8 hornets
  7 tarantellas (Spider:1)
  26 blink frogs
  2 raiju (Lair:6)
  5 dream sheep (Lair:6)
  7 culicivoras
  6 jumping spiders (Spider:1)
  A centaur simulacrum (D:13)
  43 yaks
  3 shadows
  3 air elementals
  2 vampires
  2 water elementals
  2 wyverns
  A wraith (D:12)
  4 basilisks
  8 fire elementals
  2 neqoxecs (D:10)
  14 redbacks
  12 steam dragons (Lair:6)
  Grum (D:10)
  7 vampire mosquitoes
  Edmund (D:5)
  16 wargs
  13 nagas
  An acid dragon (D:11)
  16 hell hounds
  16 water moccasins
  46 orc warriors
  3 sky beasts
  Duvessa (D:7)
  A hornet zombie (D:7)
  13 black bears
  16 ogres
  22 wolves
  14 centaurs
  5 boggarts
  An earth elemental (Elf:1)
  3 gnoll sergeants (D:10)
  4 kobold brigands (D:10)
  10 bullfrogs
  2 scorpions
  3 water moccasin zombies (D:5)
  Dowan (D:7)
  A water moccasin skeleton (D:5)
  5 troll zombies (D:9)
  18 killer bees
  9 electric eels
  9 wights
  2 howler monkeys (D:8)
  3 bullfrog zombies
  2 quasits (D:10)
  5 centaur zombies (D:5)
  4 jellies
  3 bullfrog skeletons (D:5)
  2 gnoll shamans
  24 orc priests
  8 hounds
  A centaur skeleton (D:5)
  2 iguanas (D:6)
  Natasha (thrice) (D:3)
  19 orc wizards
  A scorpion zombie (D:5)
  A statue (D:7)
  A killer bee zombie (D:8)
  3 ogre zombies (D:9)
  A howler monkey zombie (D:9)
  Robin (D:2)
  A howler monkey skeleton (D:5)
  20 gnolls
  6 adders
  2 white imps
  3 adder skeletons
  A worm (D:4)
  5 dart slugs
  84 orcs
  6 ball pythons
  9 endoplasms
  5 giant cockroaches
  20 goblins
  17 hobgoblins
  4 jackals (D:2)
  3 quokkas
  6 bats
  2 frilled lizards
  3 goblin skeletons (D:9)
  2 goblin zombies (D:9)
  A hobgoblin skeleton (D:9)
  3 hobgoblin zombies (D:9)
  13 kobolds
  4 orc skeletons (D:9)
  12 orc zombies (D:9)
  6 rats
1127 creatures vanquished.

Vanquished Creatures (others)
  A deep elf death mage (Elf:3)
  22 dancing weapons
  A deep elf knight (Elf:1)
  An unseen horror (D:11)
  7 humans
  A bush (Lair:6)
  26 fungi
  58 plants
  2 withered plants (D:5)
119 creatures vanquished.

Grand Total: 1246 creatures vanquished

Notes
Turn   | Place    | Note
-------+----------+-------------------------------------------
     0 | D:1      | flotson the Demonspawn Gladiator began the quest for the
                  | Orb.
     0 | D:1      | Reached XP level 1. HP: 16/16 MP: 1/1
   298 | D:1      | Found Jobrofi's Antique Armour Boutique.
   302 | D:1      | Gained mutation: You have sharp fingernails. [demonic
                  | ancestry]
   302 | D:1      | Reached XP level 2. HP: 22/22 MP: 2/2
   903 | D:1      | Found a faded altar of an unknown god.
  1031 | D:2      | Reached XP level 3. HP: 26/28 MP: 3/3
  1401 | D:2      | Noticed Robin
  1412 | D:2      | Killed Robin
  1456 | D:2      | Gained mutation: You have very sharp fingernails. [demonic
                  | ancestry]
  1456 | D:2      | Reached XP level 4. HP: 30/34 MP: 4/4
  1818 | D:2      | Reached skill level 1 in Armour
  2135 | D:3      | Found an ancient bone altar of Kikubaaqudgha.
  2136 | D:3      | Noticed a human
  2139 | D:3      | Killed a human
  2193 | D:3      | Gained mutation: You are partially covered in slimy green
                  | scales. (AC +2) [demonic ancestry]
  2193 | D:3      | Reached XP level 5. HP: 22/40 MP: 5/5
  2682 | D:3      | Reached skill level 3 in Fighting
  2717 | D:3      | Found a shadowy altar of Dithmenos.
  2806 | D:3      | Noticed Natasha
  2819 | D:3      | Killed Natasha
  2908 | D:3      | Noticed Natasha
  3098 | D:3      | Killed Natasha
  3158 | D:3      | Noticed Natasha
  3162 | D:3      | Killed Natasha
  3269 | D:4      | Gained mutation: You are partially covered in sharp spines.
                  | [demonic ancestry]
  3269 | D:4      | Reached XP level 6. HP: 42/47 MP: 6/6
  3705 | D:5      | Entered Level 5 of the Dungeon
  3958 | D:5      | Reached XP level 7. HP: 33/53 MP: 7/7
  3962 | D:5      | Reached skill level 4 in Fighting
  4099 | D:5      | Found a staircase to the Ecumenical Temple.
  4111 | Temple   | Entered the Ecumenical Temple
  4164 | Temple   | Became a worshipper of Gozag Ym Sagoz the Greedy
  4346 | D:5      | Noticed Grinder
  4363 | D:5      | Killed Grinder
  4586 | D:5      | Noticed Edmund
  4602 | D:5      | Killed Edmund
  4603 | D:5      | Gained mutation: You are mostly covered in sharp spines.
                  | [demonic ancestry]
  4603 | D:5      | Reached XP level 8. HP: 44/61 MP: 8/8
  4631 | D:5      | Identified the +9 hand axe "Susulach" {protect, *Rage rElec
                  | Dex+8}
  4728 | D:5      | Found a shimmering blue altar of Sif Muna.
  4848 | D:5      | Reached skill level 5 in Fighting
  4848 | D:5      | Reached skill level 1 in Axes
  4965 | D:5      | Reached skill level 5 in Dodging
  5103 | D:6      | Reached skill level 1 in Evocations
  5143 | D:6      | Identified the +7 falchion "Ehohan" {flame, +Blink Will-
                  | SInv}
  5605 | D:6      | Found a burning altar of Makhleb.
  5672 | D:6      | Found an ornate altar of the Wu Jian Council.
  5674 | D:6      | Found a shimmering altar of Xom.
  5675 | D:6      | Found a broken altar of Ashenzari.
  5814 | D:6      | Reached skill level 5 in Throwing
  5885 | D:6      | Gained mutation: You have claws for hands. [demonic
                  | ancestry]
  5885 | D:6      | Reached XP level 9. HP: 68/68 MP: 9/9
  6018 | D:6      | Noticed Maggie
  6028 | D:6      | Killed Maggie
  6585 | D:7      | Noticed Duvessa
  6591 | D:7      | Noticed Dowan
  6593 | D:7      | Killed Duvessa
  6594 | D:7      | Reached skill level 6 in Fighting
  6601 | D:7      | Killed Dowan
  6684 | D:7      | Found a radiant altar of Vehumet.
  6699 | D:7      | Reached skill level 5 in Armour
  7240 | D:8      | Gained mutation: You are completely covered in sharp
                  | spines. [demonic ancestry]
  7240 | D:8      | Reached XP level 10. HP: 64/77 MP: 10/10
  7248 | D:8      | Found a bloodstained altar of Trog.
  7248 | D:8      | Found an iron altar of Okawaru.
  7273 | D:8      | Found a hazy altar of Hepliaklqana.
  7445 | D:8      | Found a flagged portal.
  7469 | Bailey   | Entered a bailey
  7544 | Bailey   | Noticed an orc warlord
  7580 | Bailey   | Noticed an orc knight
  7590 | Bailey   | Killed an orc knight
  7963 | Bailey   | Found a runed translucent gate.
  7964 | Bailey   | Found a runed translucent gate.
  7966 | Bailey   | Found a runed translucent gate.
  8249 | Bailey   | Reached skill level 11 in Fighting
  8249 | Bailey   | Reached XP level 11. HP: 95/95 MP: 11/11
  8259 | Bailey   | Identified the +6 dagger "Gedafesk" {freeze, rF- rN++ Will+
                  | rCorr}
  8723 | D:9      | Found a staircase to the Orcish Mines.
  9511 | D:9      | Reached skill level 5 in Evocations
  9580 | D:9      | Found a staircase to the Lair.
  9854 | D:9      | Found a hide-covered altar of Uskayaw.
  9888 | D:9      | Identified the +0 scale mail of Good Intentions {Str+4}
 10047 | D:10     | Entered Level 10 of the Dungeon
 10057 | D:10     | Reached skill level 5 in Axes
 10068 | D:10     | Noticed Grum
 10069 | D:10     | Reached skill level 12 in Fighting
 10074 | D:10     | Killed Grum
 10076 | D:10     | Noticed Fannar
 10128 | D:10     | Killed Fannar
 10447 | D:10     | You fall into a shaft and drop 1 floor!
 10463 | D:11     | Gained mutation: You are mostly covered in slimy green
                  | scales. (AC +3) [demonic ancestry]
 10463 | D:11     | Reached XP level 12. HP: 102/102 MP: 12/12
 10590 | D:11     | Found Oqisota's Distillery.
 10907 | D:10     | Found a transporter.
 10950 | D:10     | HP: 5/102 [kobold brigand (3)]
 11292 | D:10     | Found a transporter.
 11300 | D:10     | Noticed bearlyready's ghost (journeyman MiHu)
 11528 | D:10     | Killed bearlyready's ghost
 11599 | D:10     | Gained mutation: You are dopey. (Int -2) [a neqoxec]
 11600 | D:10     | Gained mutation: You are weak. (Str -2) [a neqoxec]
 11806 | D:10     | Found Xecuruw's Antique Armour Emporium.
 12093 | D:10     | Found Hudizieju's General Store.
 12167 | Lair:1   | Entered Level 1 of the Lair of Beasts
 13909 | Lair:2   | Found a staircase to the Snake Pit.
 13945 | Lair:2   | Found a blossoming altar of Fedhas.
 14384 | Lair:3   | Found a hole to the Spider Nest.
 14749 | Lair:3   | Reached XP level 13. HP: 47/109 MP: 13/13
 15480 | Lair:3   | Reached skill level 13 in Fighting
 16526 | Lair:4   | Identified the amulet "Iheuth" {Will+ Regen+}
 17217 | Lair:5   | Noticed Urug
 17236 | Lair:5   | Killed Urug
 18042 | D:10     | Bought the +9 scales of the Dragon King {rPois rF+ rC+
                  | Will+} for 3744 gold pieces
 18042 | D:10     | Found the +9 scales of the Dragon King {rPois rF+ rC+
                  | Will+}
 18053 | D:10     | Lost mutation: You are dopey. (Int -2) [potion of mutation]
 18053 | D:10     | Lost mutation: You are weak. (Str -2) [potion of mutation]
 18053 | D:10     | Gained mutation: You passively dampen the noise of your
                  | surroundings. [potion of mutation]
 18053 | D:10     | Gained mutation: Your skin changes colour to match your
                  | surroundings (Stealth+). [potion of mutation]
 18209 | Lair:6   | Entered Level 6 of the Lair of Beasts
 18209 | Lair:6   | Found a staircase to the Slime Pits.
 18267 | Lair:6   | Noticed Kirke
 18287 | Lair:6   | Killed Kirke
 18296 | Lair:6   | Reached XP level 14. HP: 84/118 MP: 14/14
 18932 | Lair:6   | Found a runed translucent door.
 19215 | Lair:6   | Reached skill level 10 in Dodging
 19408 | Lair:6   | Reached skill level 14 in Fighting
 20012 | Orc:1    | Entered Level 1 of the Orcish Mines
 20351 | Orc:1    | Found Cyawoago's Assorted Antiques.
 20403 | Orc:1    | Reached skill level 10 in Throwing
 20543 | Orc:1    | Reached XP level 15. HP: 126/126 MP: 15/15
 21084 | Orc:1    | Identified the +5 spear of Contradiction {pain, Fragile
                  | Will++ Str+6}
 21085 | Orc:1    | Identified the +4 arbalest of Nightmares {elec, Fly rF+
                  | rN+}
 21087 | Orc:1    | Identified the +5 war axe of the Skies Above {antimagic,
                  | Str+7 Int+3 Dex-4 SInv}
 21089 | Orc:1    | Identified the +6 rapier of Wealth {freeze, rF+ rC+ Str+2
                  | Dex+2}
 21092 | Orc:1    | Identified the +6 broad axe of Padef {drain, Fragile rF-
                  | rC+++ Dex+4}
 21194 | Orc:2    | Entered Level 2 of the Orcish Mines
 21202 | Orc:2    | Reached skill level 10 in Armour
 21202 | Orc:2    | Reached skill level 10 in Evocations
 21796 | Orc:2    | Found a staircase to the Elven Halls.
 22049 | Orc:2    | Noticed an orc warlord
 22063 | Orc:2    | Killed an orc warlord
 22198 | Orc:2    | Found Qetaima's Antique Weapon Boutique.
 22218 | Orc:2    | Found Fodeorull's Weapon Shop.
 22411 | Orc:2    | Noticed an orc warlord
 22579 | Orc:2    | Killed an orc warlord
 22766 | Orc:2    | Found Poul's Magic Scroll Shop.
 22809 | Orc:2    | Bought a scroll of enchant armour for 105 gold pieces
 22809 | Orc:2    | Bought a scroll of magic mapping for 49 gold pieces
 22809 | Orc:2    | Bought a scroll of identify for 28 gold pieces
 22809 | Orc:2    | Bought a scroll of identify for 28 gold pieces
 22811 | Orc:2    | Bought a scroll of torment for 105 gold pieces
 22831 | Orc:2    | Found Qyar Nam's Jewellery Shoppe.
 23177 | D:11     | Found a transporter.
 23189 | D:11     | Noticed Usuem's ghost (journeyman DECj)
 23192 | D:11     | Found a transporter.
 23272 | D:11     | Identified a scroll of acquirement
 23273 | D:11     | Acquired the amulet "Osutsine" {Spirit Harm rPois Will+
                  | rCorr}
 23730 | D:12     | Acquired 536 gold pieces
 24287 | D:12     | Found a portal to a secret trove of treasure.
 24723 | D:13     | Reached skill level 1 in Shields
 25248 | D:14     | Found a gate to the Vaults.
 25311 | D:13     | Reached skill level 10 in Axes
 25648 | D:14     | Reached skill level 15 in Fighting
 25892 | D:14     | Noticed Agnes
 25902 | D:14     | Killed Agnes
 25903 | D:14     | Gained mutation: A meltable shield of frost defends you.
                  | (SH +0) [demonic ancestry]
 25903 | D:14     | Reached XP level 16. HP: 136/136 MP: 13/16
 26029 | D:14     | Found a shadowy altar of Dithmenos.
 26403 | D:14     | Noticed Rupert
 26416 | D:14     | Killed Rupert
 26539 | D:15     | Entered Level 15 of the Dungeon
 27122 | D:15     | Found a staircase to the Depths.
 27312 | D:15     | Found a runed translucent gate.
 27315 | D:15     | Found a runed translucent gate.
 27315 | D:15     | Noticed Gily's ghost (journeyman TrBe)
 27316 | D:15     | Found a runed translucent gate.
 27331 | D:15     | Found a viscous altar of Jiyva.
 28006 | D:15     | Killed Gily's ghost
 28433 | Elf:1    | Entered Level 1 of the Elven Halls
 28528 | Elf:1    | Paralysed by an air elemental for 1 turns
 29767 | Elf:2    | Paralysed by an air elemental for 1 turns
 29818 | Elf:2    | Reached skill level 5 in Shields
 29880 | Elf:2    | Found a runed translucent gate.
 29882 | Elf:2    | Found a runed translucent gate.
 29914 | Elf:2    | Found a runed translucent gate.
 30085 | Elf:2    | Found Jasickirie's Book Shop.
 30085 | Elf:2    | Found Kucsec's Jewellery Shoppe.
 30086 | Elf:2    | Found Iliumuog's Jewellery Shoppe.
 30120 | Elf:2    | Bought the amulet "Syufeax" {Acrobat Rampage *Slow rN+
                  | Slay+5} for 1132 gold pieces
 30402 | Elf:2    | Reached XP level 17. HP: 144/144 MP: 17/17
 30998 | Elf:2    | Reached skill level 16 in Fighting
 31263 | Elf:3    | Entered Level 3 of the Elven Halls
 31269 | Elf:3    | Found a runed translucent door.
 31269 | Elf:3    | Noticed Kuwn's ghost (adept MiBe)
 31314 | Elf:3    | Killed Kuwn's ghost
 31861 | Elf:3    | Got Dispater's Guide on Supportive Conjuration
 31930 | Elf:3    | Noticed a deep elf blademaster
 32412 | Elf:3    | Noticed a deep elf master archer
 32421 | Elf:3    | Found Camaloin's Antique Weapon Emporium.
 32430 | Elf:3    | Identified the +7 glaive of the Disturbing Lives {vorpal,
                  | Drain rElec Str+2}
 32430 | Elf:3    | Identified the +0 leather armour of Tecunerane {Harm Int-5
                  | Dex+3 SInv}
 32443 | Elf:3    | Identified the +11 spear "Javydem" {freeze, *Noise +Blink
                  | rC+ Str+4}
 32443 | Elf:3    | Identified the ring "Onauso" {rF+ Will- AC+4 Dex+3 SInv}
 32995 | Elf:2    | Killed a deep elf master archer
 33327 | Elf:3    | Noticed a deep elf master archer
 33503 | Elf:3    | Killed a deep elf master archer
 33576 | Elf:3    | Noticed a deep elf blademaster
 33914 | Elf:2    | Killed a deep elf blademaster
 34181 | Elf:3    | Noticed a deep elf master archer
 34189 | Elf:3    | Killed a deep elf master archer
 34482 | Elf:3    | Noticed a deep elf master archer
 34492 | Elf:3    | Killed a deep elf master archer
 34653 | Elf:3    | Killed a deep elf blademaster
 34783 | Elf:3    | Identified the +5 morningstar of the Endless Expanse {holy,
                  | Fly rElec rPois Str-4}
 34808 | Elf:3    | Got the Compendium of Moulding and Contamination
 34822 | Elf:3    | Identified the +1 trident "Jyuw" {speed, Int+3}
 34828 | Elf:3    | Identified the +8 dagger of Valiance {pain, Will+ Str-5
                  | Dex+4}
 34844 | Elf:3    | Identified the +6 scale mail of the Blue Moon {Str+3 Int+7}
 35414 | Spider:1 | Entered Level 1 of the Spider Nest
 35766 | Spider:1 | Noticed Azrael
 35942 | Spider:1 | Killed Azrael
 35943 | Spider:1 | Reached XP level 18. HP: 153/153 MP: 18/18
 36613 | Spider:1 | Bought a runed cloak for 225 gold pieces
 36613 | Spider:1 | Bought the +0 mask of the Dragon {Will+ Slay+3 SInv} for
                  | 1002 gold pieces
 36613 | Spider:1 | Bought a pair of shimmering boots for 285 gold pieces
 36613 | Spider:1 | Identified the +2 pair of boots of Amorality {Dex+2} (You
                  | bought it in a shop on level 1 of the Spider Nest)
 36613 | Spider:1 | Found the +0 mask of the Dragon {Will+ Slay+3 SInv}
 36722 | Snake:1  | Entered Level 1 of the Snake Pit
 36752 | Snake:1  | Found Juumit's Assorted Antiques.
 36781 | Snake:1  | Noticed Mlioglotl
 36792 | Snake:1  | Noticed a bone dragon
 36802 | Snake:1  | Killed Mlioglotl
 37282 | Snake:1  | Identified the +3 trident of Kyosk {pain, Contam rF+ Dex+3}
 38174 | Snake:2  | Reached skill level 17 in Fighting
 38853 | Snake:3  | Noticed Donald
 38867 | Snake:3  | Killed Donald
 39263 | Snake:3  | HP: 5/155 [salamander (6)]
 39269 | Snake:3  | HP: 2/155 [naga warrior (17)]
 39271 | Snake:3  | Slain by a salamander

Illustrated notes

Levels and vault maps discovered:
D:1:      lightli_arrival_statuegarden, layout_basic, serial_shops, shop_statue,
          chequers_ecumenical_altar_grove
D:2:      layout_loops_ring, kennysheep_nub, uniq_robin
D:3:      minmay_inner_zag, layout_rooms, marbit_many_paths, tgw_kikubaaqudgha,
          minivault_14, uniq_natasha
D:4:      layout_rooms
D:5:      layout_rooms, mainiacjoe_overflow_alcove_4,
          minmay_temple_entry_slanted, serial_undead, serial_undead_a,
          serial_undead_c, serial_undead_b, serial_undead_c, serial_undead_c,
          minivault_19, corexii_checkpoint_a, minmay_tree_intersection,
          uniq_grinder, uniq_edmund
D:6:      layout_rooms, mainiacjoe_overflow_alcove_3, serial_co_window_serial,
          co_window_corner_a, co_window_of_opportunity_a, co_window_corner_a,
          co_window_corner_a, co_window_paths_a, co_window_corner_b,
          co_window_paths_c, co_window_corner_ca, co_window_2corner,
          co_window_unsneaky_path_a, co_window_4corner_a, co_window_paths_d,
          glass_columns_b, glass_columns_a, uniq_maggie
D:7:      layout_rooms, vehumet_statue, uniq_duvessa
D:8:      layout_cave_pools, grunt_temple_overflow_bloody_war,
          nicolae_hepliaklqana_hazy_memory, enter_bailey_5, minivault_27
D:9:      layout_basic, lemuel_doored_altar, erik_lair_island,
          zombieorc2_lemuel, special_room [special_room_bee],
          columned_hall_lemuel, grunt_decor_cap
D:10:     layout_cave_pools, serial_shops, nicolae_lakefront_shop,
          serial_gnoll_camp, gnoll_camp_mini_house, gnoll_camp_mini_sergeant,
          gnoll_camp_mini_shop, gnoll_camp_mini_hut, gammafunk_ghost_stat_death,
          hangedman_decor_diamond_cutter, uniq_fannar, uniq_grum
D:11:     layout_basic, nzn_ghost_randoct, serial_shops, shop,
          serial_bayou_crossing
D:12:     layout_rooms, nicolae_trove_entry_diagonal
D:13:     layout_cross
D:14:     layout_roguey, erik_vaults_2,
          nicolae_dithmenos_through_a_glass_darkly, uniq_rupert, uniq_agnes
D:15:     grunt_enter_depths_snipers, layout_basic, gammafunk_ghost_ooze,
          serial_park_square1 [serial_park_minivault_5x5_8],
          chequers_decorated_corner
Temple:   jpeg_temple_alley_garden
Lair:1:   layout_cave_pods
Lair:2:   layout_gridlike, guppyfry_snake_entry_island, hangedman_tree_tricks,
          chequers_serial_rivers_large_a, lemuel_fruit_tree
Lair:3:   layout_misc_corridors, spider_nest_entry_rubble, lemuel_fruit_fields
Lair:4:   layout_long_grid
Lair:5:   layout_cave_pods, grunt_megastairs_3, uniq_urug
Lair:6:   hangedman_lair_caniforms_friends, layout_loops_ring, wormcave,
          slime_dummy, bobbens_dragon_lair_wall, uniq_kirke
Snake:1:  layout_grid_shapes, serial_shops, shop, grunt_megastairs_2,
          uniq_mlioglotl
Snake:2:  layout_gridlike
Snake:3:  layout_gridlike, gammafunk_ghost_grave, uniq_donald, uniq_bai_suzhen
Spider:1: layout_spider_delve, drop_trap, uniq_azrael
Orc:1:    giant_chief_lemuel, layout_caves, serial_shops,
          nicolae_shop_hallway_plus, mines_bat_river
Orc:2:    pubby_orc_utopia
Elf:1:    eino_elf_arrival_the_gate, layout_geoelf_octagon,
          hangedman_elf_disciples
Elf:2:    elven_hall_of_blades_hangedman_original [mumra_blade_entry_bloodbath],
          layout_gridlike, minmay_shop_grove
Elf:3:    minmay_elf_hall_circle, layout_loops_cross, serial_shops, shop,
          gammafunk_ghost_grave, minmay_elf_sorcery

Skill      XL: |  1  2  3  4  5  6  7  8  9 10 11 12 13 14 15 16 17 18 |
---------------+-------------------------------------------------------+-----
Throwing       | 2 3 4 5 6 7 8 9 10 | 10.7
Maces & Flails | 3 4 |  4.7
Dodging        | 3 4 5 6 7 8 9 10 11 12 13 | 13.8
Armour         | 1 2 3 4 5 6 7 8 9 10 11 12 13 | 13.4
Fighting       | 3 4 5 6 11 12 13 14 15 16 17 | 17.2
Axes           | 2 3 4 5 6 7 9 10 11 12 | 12.9
Evocations     | 2 3 4 5 7 8 9 10 | 10.5
Shields        | 2 5 7 8 |  8.6

Action                   |  1- 3 |  4- 6 |  7- 9 | 10-12 | 13-15 | 16-18 || total
-------------------------+-------+-------+-------+-------+-------+-------++-------
Melee: Flail             |   108 |   199 |    55 |       |       |       ||   362
       Hand axe          |       |       |   132 |   398 |  1162 |  1198 ||  2890
       War axe           |       |       |       |       |    19 |       ||    19
Throw: Throwing net      |       |       |     4 |       |       |     1 ||     5
       Boomerang         |       |       |       |    41 |       |       ||    41
       Javelin           |       |       |       |     9 |       |    42 ||    51
       Dart              |       |       |       |       |     3 |       ||     3
Invok: Call Merchant     |       |       |       |       |       |     5 ||     5
Evoke: Wand              |       |       |       |     1 |       |     4 ||     5
  Use: Scroll            |       |       |     4 |     7 |    14 |     8 ||    33
       Potion            |       |       |       |     4 |     3 |     8 ||    15
 Stab: Distracted        |       |       |     4 |     7 |    12 |    16 ||    39
       Held in net/web   |       |       |     1 |       |       |     1 ||     2
       Sleeping          |       |       |     1 |       |       |       ||     1
       Petrified         |       |       |       |       |     2 |       ||     2
       Petrifying        |       |       |       |       |     1 |       ||     1
Armor: Leather armour    |     8 |       |       |       |       |       ||     8
       Ring mail         |    47 |    94 |    19 |       |       |       ||   160
       Scale mail        |       |       |    35 |   101 |    97 |       ||   233
       Steam dragon scal |       |       |    16 |    44 |       |       ||    60
       Gold dragon scale |       |       |       |       |   717 |   506 ||  1223
Dodge: Dodged            |    63 |   151 |   109 |   307 |   545 |   356 ||  1531
Block: Kite shield       |       |       |       |       |    69 |   758 ||   827

Table legend: (Time is in decaauts)
 A = Elapsed time spent in this place.
 B = Non-inter-level travel time spent in this place.
 C = Inter-level travel time spent in this place.
 D = Time resting spent in this place.
 E = Time spent auto-exploring this place.
 F = Levels seen in this place.
 G = Mean time per level.
                   A        B        C        D        E       F      G
               +--------+--------+--------+--------+--------+-----+--------+
         Total |  41254 |  38980 |   2274 |   4695 |  25626 |  32 | 1289.2 |
       Dungeon |  17493 |  16447 |   1046 |   1117 |  11810 |  15 | 1166.2 |
        Temple |     94 |     53 |     41 |      0 |     40 |   1 |   94.0 |
          Lair |   8636 |   8032 |    604 |    644 |   5908 |   6 | 1439.3 |
     Snake Pit |   2660 |   2572 |     88 |    106 |   1858 |   3 |  886.7 |
   Spider Nest |    929 |    908 |     21 |      2 |    602 |   1 |  929.0 |
  Orcish Mines |   3459 |   3093 |    366 |     94 |   1996 |   2 | 1729.5 |
   Elven Halls |   7119 |   7013 |    106 |   2562 |   2964 |   3 | 2373.0 |
        Bailey |    860 |    860 |      0 |    167 |    445 |   1 |  860.0 |
               +--------+--------+--------+--------+--------+-----+--------+

Top non-repeatable levels by time:
   Elf:2: 3236 daAuts
   Elf:3: 2401 daAuts
  Lair:3: 2303 daAuts
   Orc:2: 2036 daAuts
     D:9: 1898 daAuts
    D:15: 1774 daAuts
  Lair:6: 1768 daAuts
    D:10: 1624 daAuts
  Lair:2: 1545 daAuts
     D:6: 1545 daAuts
   Elf:1: 1481 daAuts
 Snake:1: 1441 daAuts
   Orc:1: 1422 daAuts
     D:5: 1281 daAuts
    D:13: 1263 daAuts
